NYP
IDAHO FALLS CHUKARS @ CHICAGO (NYP) WHITE SOX
08/02/2049
 
TOP OF THE 1ST
Idaho Falls Chukars batting - Pitching for Chicago (NYP) White Sox : RHP Eddie Usrey
Pitching: RHP Eddie Usrey
Batting: SHB Glenn Harrison 0-0: Ball
1-0: Called Strike
1-1: Called Strike
1-2: Ball
2-2: Foul Ball, location: 2F
2-2: Strikes out swinging
Batting: RHB Milanni Isaaka 0-0: Swinging Strike
0-1: Foul Ball, location: 2F
0-2: Strikes out swinging
Batting: RHB Hugo Chavez 0-0: Foul Ball, location: 2F
0-1: Foul Ball, location: 2F
0-2: Ball
1-2: SINGLE (Groundball, 56D, EV 95.0 MPH)
Batting: RHB Juan Nieves 0-0: Called Strike
0-1: Ball
1-1: Ball
2-1: Ball
3-1: Foul Ball, location: 2F
3-2: Foul Ball, location: 2F
3-2: Strikes out swinging
Top of the 1st over - 0 runs, 1 hit, 0 errors, 1 left on base; Idaho Falls 0 - Chicago (NYP) 0
BOTTOM OF THE 1ST
Chicago (NYP) White Sox batting - Pitching for Idaho Falls Chukars : RHP Alex Rivas
Pitching: RHP Alex Rivas
Batting: RHB Rafael Medina 0-0: Ball
1-0: Foul Ball, location: 2F
1-1: Ball
2-1: Foul Ball, location: 2F
2-2: Ball
3-2: TRIPLE (Flyball, 78XD, EV 113.1 MPH)
Batting: SHB Danny Gallegos 0-0: SINGLE (Groundball, 3D, EV 100.0 MPH)
Rafael Medina scores
Batting: LHB Anthony Mosley 0-0: Ball
1-0: Called Strike
1-1: Swinging Strike
1-2: Ball
2-2: Ball
3-2: SINGLE (Groundball, 13, EV 91.9 MPH) (infield hit)
Danny Gallegos to second
Batting: RHB Jeremy Lewis 0-0: Swinging Strike
0-1: SINGLE (Line Drive, 8RS, EV 105.0 MPH)
Danny Gallegos to third
Anthony Mosley to second
Batting: RHB Steve Byerly 0-0: Ball
1-0: Fielders Choice at 2nd, 4-6 (Groundball, 4, EV 78.8 MPH)
Danny Gallegos scores
Anthony Mosley to third
Batting: RHB Shintaro Katsumata 0-0: Ball
1-0: Called Strike
1-1: SINGLE (Line Drive, 78S, EV 88.8 MPH)
Anthony Mosley scores
Steve Byerly to second
Batting: RHB Sean Peake 0-0: Ball
1-0: Ball
2-0: Ball
3-0: Base on Balls
Steve Byerly to third
Shintaro Katsumata to second
Batting: RHB Yorkis Saiki 0-0: Ball
1-0: Ball
2-0: Foul Ball, location: 2F
2-1: Ball
3-1: Base on Balls
Steve Byerly scores
Shintaro Katsumata to third
Sean Peake to second
Batting: RHB Ighlas Mwara 0-0: Called Strike
0-1: Called Strike
0-2: Ball
1-2: Ball
2-2: Ball
3-2: Strikes out swinging
Batting: RHB Rafael Medina 0-0: Foul Ball, location: 2F
0-1: Swinging Strike
0-2: Ball
1-2: Strikes out looking
Bottom of the 1st over - 4 runs, 5 hits, 0 errors, 3 left on base; Idaho Falls 0 - Chicago (NYP) 4
TOP OF THE 2ND
Idaho Falls Chukars batting - Pitching for Chicago (NYP) White Sox : RHP Eddie Usrey
Batting: RHB Joe Gabriel 0-0: Called Strike
0-1: Ball
1-1: Swinging Strike
1-2: Ball
2-2: Ball
3-2: Base on Balls
Batting: RHB Bill Cranton 0-0: Swinging Strike
0-1: Ball
1-1: Called Strike
1-2: Grounds into double play, 5-4-3 (Groundball, 56S, EV 81.2 MPH)
Batting: RHB Masakuni Takeuchi 0-0: Ball
1-0: Ball
2-0: Ball
3-0: Swinging Strike
3-1: Foul Ball, location: 2F
3-2: Strikes out swinging
Top of the 2nd over - 0 runs, 0 hits, 0 errors, 0 left on base; Idaho Falls 0 - Chicago (NYP) 4
BOTTOM OF THE 2ND
Chicago (NYP) White Sox batting - Pitching for Idaho Falls Chukars : RHP Alex Rivas
Batting: SHB Danny Gallegos 0-0: Called Strike
0-1: Foul Ball, location: 2F
0-2: Strikes out swinging passed ball, reaches first!
Batting: LHB Anthony Mosley 0-0: Fielders Choice at 2nd, 4-6 (Groundball, 34, EV 108.8 MPH)
Batting: RHB Jeremy Lewis 0-0: Called Strike
0-1: Ball
1-1: Ball
2-1: Foul Ball, location: 2F
2-2: Foul Ball, location: 2F
2-2: Foul Ball, location: 2F
2-2: SINGLE (Groundball, 56S, EV 72.5 MPH) (infield hit)
Anthony Mosley to second
Batting: RHB Steve Byerly 0-0: Fly out, F8 (Flyball, 89D, EV 86.2 MPH)
Batting: RHB Shintaro Katsumata 0-0: Foul Ball, location: 2F
0-1: Ball
1-1: Ball
Wild Pitch!
Anthony Mosley to third
Jeremy Lewis to second
2-1: Ball
3-1: Base on Balls
Batting: RHB Sean Peake 0-0: Ball
1-0: Ball
2-0: Ball
3-0: Called Strike
3-1: Called Strike
3-2: GRAND SLAM HOME RUN (Flyball, 7D, EV 98.8 MPH), Distance : 393 ft
Pitching: RHP Zong-yuan Xue
Batting: RHB Yorkis Saiki 0-0: Ball
1-0: Called Strike
1-1: Ball
2-1: Foul Ball, location: 2F
2-2: Strikes out swinging
Bottom of the 2nd over - 4 runs, 2 hits, 0 errors, 0 left on base; Idaho Falls 0 - Chicago (NYP) 8
TOP OF THE 3RD
Idaho Falls Chukars batting - Pitching for Chicago (NYP) White Sox : RHP Eddie Usrey
Batting: RHB Jason Conner 0-0: Ball
1-0: Ground out 6-3 (Groundball, 6, EV 86.9 MPH)
Batting: RHB Tanner Holland 0-0: Ball
1-0: SINGLE (Groundball, 6MD, EV 106.2 MPH)
Batting: SHB Glenn Harrison 0-0: SINGLE (Line Drive, 8LS, EV 91.2 MPH)
Tanner Holland to second
Batting: RHB Milanni Isaaka 0-0: Fly out, F8 (Line Drive, 8LD, EV 96.9 MPH)
Batting: RHB Hugo Chavez 0-0: Called Strike
0-1: Foul Ball, location: 2F
0-2: Foul Ball, location: 2F
0-2: Fielders Choice at 2nd, 6-4 (Groundball, 6, EV 108.8 MPH)
Top of the 3rd over - 0 runs, 2 hits, 0 errors, 2 left on base; Idaho Falls 0 - Chicago (NYP) 8
BOTTOM OF THE 3RD
Chicago (NYP) White Sox batting - Pitching for Idaho Falls Chukars : RHP Zong-yuan Xue
Batting: RHB Ighlas Mwara 0-0: Ball
1-0: Ball
2-0: Foul Ball, location: 2F
2-1: Ball
3-1: Base on Balls
Batting: RHB Rafael Medina 0-0: Foul Ball, location: 2F
0-1: Foul Ball, location: 2F
0-2: Foul Ball, location: 2F
0-2: Foul Ball, location: 2F
0-2: Foul Ball, location: 2F
0-2: Ball
1-2: Ball
2-2: Strikes out swinging
Batting: SHB Danny Gallegos 0-0: Ball
1-0: Ball
Wild Pitch!
Ighlas Mwara to second
2-0: Ball
3-0: Called Strike
3-1: SINGLE (Line Drive, 9S, EV 105.6 MPH)
Ighlas Mwara to third
Runner from 3rd tries for Home, throw by RF and OUT! 9-2
Danny Gallegos to second
Batting: LHB Anthony Mosley 0-0: Ball
1-0: SINGLE (Groundball, 4MD, EV 107.5 MPH)
Danny Gallegos to third
Runner from 3rd tries for Home, SAFE, throw by CF to home
Anthony Mosley to second
Batting: RHB Jeremy Lewis 0-0: Foul Ball, location: 2F
0-1: Foul Ball, location: 2F
0-2: Strikes out looking
Bottom of the 3rd over - 1 run, 2 hits, 0 errors, 1 left on base; Idaho Falls 0 - Chicago (NYP) 9
TOP OF THE 4TH
Idaho Falls Chukars batting - Pitching for Chicago (NYP) White Sox : RHP Eddie Usrey
Batting: RHB Juan Nieves 0-0: Ball
1-0: Foul Ball, location: 2F
1-1: Ball
2-1: DOUBLE (Flyball, 8RXD, EV 100.6 MPH)
Batting: RHB Joe Gabriel Balk!
Juan Nieves to third
0-0: Ball
1-0: Ball
2-0: Called Strike
2-1: Ball
3-1: Called Strike
3-2: Strikes out swinging
Batting: RHB Bill Cranton 0-0: Ball
1-0: Foul Ball, location: 2F
1-1: Ball
2-1: Ball
3-1: Swinging Strike
3-2: Fly out, F9 (Flyball, 9, EV 85.6 MPH)
Batting: RHB Masakuni Takeuchi 0-0: Ball
1-0: Ball
2-0: Called Strike
2-1: Foul Ball, location: 2F
2-2: Foul Ball, location: 2F
2-2: Ball
3-2: Base on Balls
Batting: RHB Jason Conner 0-0: Called Strike
0-1: Fly out, F8 (Flyball, 8LM, EV 92.5 MPH)
Top of the 4th over - 0 runs, 1 hit, 0 errors, 2 left on base; Idaho Falls 0 - Chicago (NYP) 9
BOTTOM OF THE 4TH
Chicago (NYP) White Sox batting - Pitching for Idaho Falls Chukars : RHP Zong-yuan Xue
Batting: RHB Steve Byerly 0-0: Foul Ball, location: 2F
0-1: Foul Ball, location: 2F
0-2: SOLO HOME RUN (Flyball, 7D, EV 105.6 MPH), Distance : 388 ft
Pitching: RHP Obiniana Gaters
Batting: RHB Shintaro Katsumata 0-0: Called Strike
0-1: Foul Ball, location: 2F
0-2: Ball
1-2: Strikes out swinging
Batting: RHB Sean Peake 0-0: Ball
1-0: Ball
2-0: SINGLE (Groundball, 6MD, EV 103.8 MPH)
Batting: RHB Yorkis Saiki 0-0: Called Strike
0-1: Swinging Strike
0-2: Ball
1-2: Ball
2-2: Reached on error, E6 (Groundball, 56, EV 90.0 MPH)
Sean Peake to second
Batting: RHB Ighlas Mwara 0-0: Swinging Strike
0-1: Fielders Choice at 2nd, 3-6 (Groundball, 34, EV 91.2 MPH)
Sean Peake to third
Batting: RHB Rafael Medina 0-0: Foul Ball, location: 2F
0-1: Ball
1-1: Called Strike
1-2: Ball
2-2: Strikes out swinging
Bottom of the 4th over - 1 run, 2 hits, 1 error, 2 left on base; Idaho Falls 0 - Chicago (NYP) 10
TOP OF THE 5TH
Idaho Falls Chukars batting - Pitching for Chicago (NYP) White Sox : RHP Eddie Usrey
Batting: RHB Tanner Holland 0-0: Ball
1-0: Swinging Strike
1-1: Foul Ball, location: 2F
1-2: Ball
2-2: Ball
3-2: Base on Balls
Batting: SHB Glenn Harrison 0-0: Called Strike
0-1: Fly out, F7 (Flyball, 7, EV 96.9 MPH)
Batting: RHB Milanni Isaaka 0-0: Ball
1-0: Ball
2-0: Called Strike
2-1: Ball
3-1: Fly out, F9 (Flyball, 9S, EV 78.1 MPH)
Batting: RHB Hugo Chavez 0-0: Fielders Choice at 2nd, 6-4 (Groundball, 6MD, EV 80.6 MPH)
Top of the 5th over - 0 runs, 0 hits, 0 errors, 1 left on base; Idaho Falls 0 - Chicago (NYP) 10
BOTTOM OF THE 5TH
Chicago (NYP) White Sox batting - Pitching for Idaho Falls Chukars : RHP Obiniana Gaters
Batting: SHB Danny Gallegos 0-0: Fly out, F4 (Popup, 34, EV 71.9 MPH)
Batting: LHB Anthony Mosley 0-0: Called Strike
0-1: Called Strike
0-2: Ball
1-2: Ball
2-2: TRIPLE (Flyball, 89XD, EV 107.5 MPH)
Batting: RHB Jeremy Lewis 0-0: Foul Ball, location: 2F
0-1: Called Strike
0-2: Ball
1-2: Ball
2-2: Ball
3-2: Base on Balls
Batting: RHB Steve Byerly 0-0: Ball
1-0: Ball
2-0: Ball
3-0: Called Strike
3-1: Fielders Choice at 2nd, 6-4 (Groundball, 6, EV 93.8 MPH)
Anthony Mosley scores
Batting: RHB Shintaro Katsumata 0-0: Ball
1-0: Ball
2-0: Ball
3-0: Swinging Strike
3-1: Foul Ball, location: 2F
3-2: Foul Ball, location: 2F
3-2: Strikes out looking
Bottom of the 5th over - 1 run, 1 hit, 0 errors, 1 left on base; Idaho Falls 0 - Chicago (NYP) 11
TOP OF THE 6TH
Idaho Falls Chukars batting - Pitching for Chicago (NYP) White Sox : RHP Eddie Usrey
Batting: RHB Juan Nieves 0-0: Ball
1-0: Called Strike
1-1: Called Strike
1-2: Foul Ball, location: 2F
1-2: Strikes out swinging
Batting: RHB Joe Gabriel 0-0: Called Strike
0-1: Foul Ball, location: 2F
0-2: Strikes out looking
Batting: RHB Bill Cranton 0-0: Swinging Strike
0-1: Ball
1-1: Called Strike
1-2: Ball
2-2: Fly out, F9 (Flyball, 9LS, EV 90.0 MPH)
Top of the 6th over - 0 runs, 0 hits, 0 errors, 0 left on base; Idaho Falls 0 - Chicago (NYP) 11
BOTTOM OF THE 6TH
Chicago (NYP) White Sox batting - Pitching for Idaho Falls Chukars : RHP Obiniana Gaters
Batting: RHB Sean Peake 0-0: Swinging Strike
0-1: Ball
1-1: Ball
2-1: SINGLE (Groundball, 4MD, EV 96.9 MPH)
Pitching: RHP Chris Chilcoat
Batting: RHB Yorkis Saiki 0-0: Foul Ball, location: 2F
0-1: Foul Ball, location: 2F
0-2: Ball
1-2: Foul Ball, location: 2F
1-2: Ball
2-2: Ball
3-2: Fly out, F7 (Flyball, 7S, EV 86.9 MPH)
Batting: RHB Ighlas Mwara 0-0: Ball
1-0: Fly out, F8 (Flyball, 8LM, EV 83.8 MPH)
Batting: RHB Rafael Medina 0-0: Called Strike
0-1: Ball
1-1: SINGLE (Groundball, 56D, EV 101.9 MPH)
Sean Peake to second
Batting: SHB Danny Gallegos 0-0: Ball
Wild Pitch!
Sean Peake to third
Rafael Medina to second
1-0: Swinging Strike
1-1: 3-RUN HOME RUN (Flyball, 9D, EV 100.6 MPH), Distance : 391 ft
Batting: LHB Anthony Mosley 0-0: Called Strike
0-1: Foul Ball, location: 2F
0-2: Ball
1-2: Ball
2-2: Ground out U3 (Groundball, 3L, EV 106.2 MPH)
Bottom of the 6th over - 3 runs, 3 hits, 0 errors, 0 left on base; Idaho Falls 0 - Chicago (NYP) 14
TOP OF THE 7TH
Idaho Falls Chukars batting - Pitching for Chicago (NYP) White Sox : RHP Eddie Usrey
Batting: RHB Masakuni Takeuchi 0-0: Foul Ball, location: 2F
0-1: Called Strike
0-2: Ball
1-2: Ball
2-2: Ball
3-2: Foul Ball, location: 2F
3-2: Foul Ball, location: 2F
3-2: Fly out, F8 (Flyball, 8RS, EV 88.1 MPH)
Batting: RHB Jason Conner 0-0: Ball
1-0: SINGLE (Groundball, 56D, EV 109.4 MPH)
Batting: RHB Tanner Holland 0-0: Called Strike
0-1: Called Strike
0-2: Ball
1-2: Strikes out swinging
Pitching: RHP Chris Myers
Batting: SHB Glenn Harrison 0-0: Called Strike
0-1: Hit by Pitch
Jason Conner to second
Batting: RHB Milanni Isaaka 0-0: Called Strike
0-1: Fly out, F8 (Flyball, 8RD, EV 78.1 MPH)
Top of the 7th over - 0 runs, 1 hit, 0 errors, 2 left on base; Idaho Falls 0 - Chicago (NYP) 14
BOTTOM OF THE 7TH
Chicago (NYP) White Sox batting - Pitching for Idaho Falls Chukars : RHP Chris Chilcoat
Pitching: RHP Chris McCade
Pinch Hitting: RHB Kyle Morse 0-0: Foul Ball, location: 2F
0-1: Foul Ball, location: 2F
0-2: Foul Ball, location: 2F
0-2: Foul Ball, location: 2F
0-2: Ball
1-2: Ball
2-2: Foul Ball, location: 2F
2-2: Ball
3-2: Base on Balls
Batting: RHB Steve Byerly 0-0: SINGLE (Groundball, 25, EV 70.0 MPH) (infield hit)
Kyle Morse to second
Pinch Hitting: RHB Kasey Bland 0-0: Ball
1-0: Called Strike
1-1: Ball
2-1: Ball
3-1: Base on Balls
Kyle Morse to third
Steve Byerly to second
Pinch Hitting: RHB Jarno van Lente 0-0: Ball
1-0: Swinging Strike
1-1: Ball
2-1: Ball
3-1: Base on Balls
Kyle Morse scores
Steve Byerly to third
Kasey Bland to second
Batting: RHB Yorkis Saiki 0-0: Called Strike
0-1: Swinging Strike
0-2: Ball
1-2: Foul Ball, location: 2F
1-2: Ball
2-2: Ball
3-2: Base on Balls
Steve Byerly scores
Kasey Bland to third
Jarno van Lente to second
Pinch Hitting: LHB Malik Boulay 0-0: Ball
1-0: Swinging Strike
1-1: Ball
2-1: Ball
3-1: TRIPLE (Line Drive, 9D, EV 105.0 MPH)
Kasey Bland scores
Jarno van Lente scores
Yorkis Saiki scores
Pitching: RHP Billy Emerson
Batting: RHB Rafael Medina 0-0: Fly out, F9 (Flyball, 9, EV 78.1 MPH)
Batting: SHB Danny Gallegos 0-0: Called Strike
0-1: Foul Ball, location: 2F
0-2: Ball
1-2: Ball
2-2: Strikes out swinging
Batting: LHB Anthony Mosley 0-0: Ball
1-0: Ground out 4-3 (Groundball, 4, EV 108.1 MPH)
Bottom of the 7th over - 5 runs, 2 hits, 0 errors, 1 left on base; Idaho Falls 0 - Chicago (NYP) 19
TOP OF THE 8TH
Idaho Falls Chukars batting - Pitching for Chicago (NYP) White Sox : RHP Chris Myers
Now at 1B: Kyle Morse
Now at 3B: Kasey Bland
Now in CF: Andy Huntley
Now in RF: Jarno van Lente
Batting: RHB Hugo Chavez 0-0: Called Strike
0-1: Ball
1-1: SOLO HOME RUN (Flyball, 7LD, EV 91.9 MPH), Distance : 349 ft
Batting: RHB Juan Nieves 0-0: Ball
1-0: Ball
2-0: Called Strike
2-1: Foul Ball, location: 2F
2-2: Foul Ball, location: 2F
2-2: Ground out 5-3 (Groundball, 56S, EV 94.4 MPH)
Batting: RHB Joe Gabriel 0-0: Called Strike
0-1: Foul Ball, location: 2F
0-2: Strikes out swinging
Batting: RHB Bill Cranton 0-0: Ball
1-0: Swinging Strike
1-1: Called Strike
1-2: Ball
2-2: Strikes out swinging
Top of the 8th over - 1 run, 1 hit, 0 errors, 0 left on base; Idaho Falls 1 - Chicago (NYP) 19
BOTTOM OF THE 8TH
Chicago (NYP) White Sox batting - Pitching for Idaho Falls Chukars : RHP Billy Emerson
Pinch Hitting: LHB Conor Barron 0-0: Ball
1-0: Ball
2-0: Called Strike
2-1: Called Strike
2-2: Strikes out looking
Batting: RHB Steve Byerly 0-0: Ball
1-0: Foul Ball, location: 2F
1-1: Foul Ball, location: 2F
1-2: Foul Ball, location: 2F
1-2: Ball
2-2: Strikes out swinging
Batting: RHB Kasey Bland 0-0: Fly out, F2 (Popup, 2RF, EV 97.5 MPH)
Bottom of the 8th over - 0 runs, 0 hits, 0 errors, 0 left on base; Idaho Falls 1 - Chicago (NYP) 19
TOP OF THE 9TH
Idaho Falls Chukars batting - Pitching for Chicago (NYP) White Sox : RHP Chris Myers
Now at 1B: Conor Barron
Batting: RHB Masakuni Takeuchi 0-0: Called Strike
0-1: Ball
1-1: Ball
2-1: Foul Ball, location: 2F
2-2: Ball
3-2: Base on Balls
Batting: RHB Jason Conner 0-0: Ball
1-0: Swinging Strike
1-1: Foul Ball, location: 2F
1-2: Fielders Choice at 2nd, 5-4 (Groundball, 56S, EV 91.9 MPH)
Pinch Hitting: LHB Jayden Pelayo 0-0: Swinging Strike
0-1: Swinging Strike
0-2: Strikes out looking
Batting: SHB Glenn Harrison 0-0: Called Strike
0-1: Ball
1-1: Swinging Strike
1-2: Ball
2-2: Strikes out swinging
Top of the 9th over - 0 runs, 0 hits, 0 errors, 1 left on base; Idaho Falls 1 - Chicago (NYP) 19
Sunday, July 16th , 2023 - OOTP Baseball 24.6 Build 69